 Dungeon Crawl Stone Soup version 0.29-a0-1016-g236c7fd91e (webtiles) character file.

Game seed: 18392541691816983647

11860 Sobieck the Thaumaturge (level 11, -2/85 HPs)
             Began as an Octopode Conjurer on Aug 9, 2022.
             Was a Believer of Ashenzari.
             Slain by a boulder beetle (12 damage)
             ... on level 10 of the Dungeon.
             The game lasted 00:42:14 (14731 turns).

Sobieck the Thaumaturge (Octopode Conjurer)        Turns: 14731, Time: 00:42:14

Health: -2/85      AC:  4    Str:  7    XL:     11   Next: 84%
Magic:  18/29      EV: 13    Int: 24    God:    Ashenzari [**....]
Gold:   256        SH:  5    Dex: 11    Spells: 20/39 levels left

rFire   . . .      SeeInvis +   K - +0 whip of Ashenzari's Portent {elec, mace, Self, Elem} (curse)
rCold   . . .      Faith    .   (no shield)
rNeg    + . .      Spirit   .   x - +1 hat "All-seeing Jealousy" {Bglg, Melee} (curse)
rPois   .          Reflect  +   Z - amulet of Ashenzari's Moon {Reflect SH+5, Range, Self} (curse)
rElec   .          Harm     .   v - ring "Share My Vision" {Will+, Elem, Self} (curse)
rCorr   .          Rampage  .   F - ring of positive energy
Will    +....                   (no ring)
Stlth   +++.......              (no ring)
HPRegen 0.24/turn               (no ring)
MPRegen 0.21/turn               (no ring)
                                (no ring)
                                (no ring)

@: spiked
A: almost no armour, amphibious, 8 rings, camouflage 1, gelatinous body 1,
(nimble swimmer 1), tentacles, antennae 1, iridescent scales 1, MP-powered wands
a: Renounce Religion, Curse Item, Shatter the Chains


You were on level 10 of the Dungeon.
You worshipped Ashenzari.
Ashenzari was pleased with you.
You visited 1 branch of the dungeon, and saw 10 of its levels.
You also visited: Sewer.

You collected 556 gold pieces.
You spent 300 gold pieces at shops.


Innate Abilities, Weirdness & Mutations

You cannot wear most types of armour.
You are amphibious.
You can wear up to eight rings at the same time.
Your skin changes colour to match your surroundings (Stealth+).
Your rubbery body absorbs attacks. (AC +1, EV +1)
((You are camouflaged when in or above water. (Stealth+)))
You have tentacles for arms and can constrict up to eight enemies at once.
You have a pair of small antennae on your head.
You are partially covered in iridescent scales. (AC +2)
You expend magic power (3 MP) to strengthen your wands.


   Skills:
 - Level 9.4(12.0) Fighting
 - Level 1.4(2.3) Maces & Flails
 - Level 2.0 Dodging
 - Level 2.6 Stealth
 + Level 12.0(14.5) Spellcasting
 - Level 9.1(10.4) Conjurations
 - Level 3.2(4.3) Hexes
 - Level 6.7(8.0) Translocations
 + Level 4.8 Transmutations


You had 20 spell levels left.
You knew the following spells:

 Your Spells              Type           Power      Damage    Failure   Level
a - Magic Dart            Conj           100%       1d8       1%          1
b - Searing Ray           Conj           100%       2d8       1%          2
c - Fulminant Prism       Conj/Hex       26%        3d14      1%          4
d - Iskenderun's Mystic   Conj/Tloc      57%        2d12      1%          4
e - Irradiate             Conj/Tmut      26%        3d20      4%          5
f - Tukima's Dance        Hex            38%        N/A       1%          3

Your spell library contained the following spells:

 Spells                   Type           Power      Damage    Failure   Level
 Beastly Appendage        Tmut           80%        N/A       1%          1
 Shock                    Conj/Air       100%       1d9       1%          1
 Blink                    Tloc           100%       N/A       1%          2
 Wereblood                Tmut           40%        N/A       1%          2
 Dazzling Flash           Conj/Hex       100%       N/A       1%          3
 Lesser Beckoning         Tloc           54%        N/A       1%          3
 Portal Projectile        Hex/Tloc       94%        N/A       1%          3
 Passage of Golubria      Tloc           54%        N/A       1%          4
 Summon Small Mammal      Summ           68%        N/A       3%          1
 Spider Form              Tmut/Pois      29%        N/A       3%          3
 Manifold Assault         Tloc           54%        N/A       3%          5
 Sublimation of Blood     Necr           17%        N/A       4%          2
 Summon Guardian Golem    Hex/Summ       27%        N/A       4%          3
 Call Canine Familiar     Summ           17%        N/A       10%         3
 Petrify                  Tmut/Erth      29%        N/A       12%         4
 Leda's Liquefaction      Hex/Erth       14%        N/A       13%         4
 Blade Hands              Tmut           20%        N/A       13%         5
 Yara's Violent Unravell  Hex/Tmut       19%        3d9       14%         5
 Starburst                Conj/Fire      21%        6d7       50%         6
 Dragon Form              Tmut           20%        N/A       98%         7

Inventory:

Hand Weapons
 d - a +0 club {mace}
   (You took it off a goblin on level 1 of the Dungeon)
 f - a +0 dagger {short}
   (You found it on level 1 of the Dungeon)
 g - a +0 dagger {short}
   (You took it off an orc wizard on level 3 of the Dungeon)
 i - a +0 short sword {short}
   (You found it on level 1 of the Dungeon)
 k - a +0 mace {mace}
   (You found it on level 2 of the Dungeon)
 l - a +0 hand axe {axe}
   (You took it off an orc on level 3 of the Dungeon)
 p - a +0 club {mace}
   (You took it off a goblin on level 2 of the Dungeon)
 t - a +0 whip {mace}
   (You found it on level 3 of the Dungeon)
 u - a +0 whip {mace}
   (You took it off an orc on level 3 of the Dungeon)
 B - a +0 spear {polearm}
   (You took it off a gnoll on level 3 of the Dungeon)
 E - a +0 halberd {polearm}
   (You took it off a gnoll on level 3 of the Dungeon)
 H - a +0 club {mace}
   (You took it off a kobold on level 4 of the Dungeon)
 K - the cursed +0 whip of Ashenzari's Portent (weapon) {elec, mace, Self, Elem}
   (You took it off a gnoll on level 4 of the Dungeon)

   It occasionally discharges a powerful burst of electricity upon striking a
   foe.
   It has a curse which improves the following skills: Introspection: Fighting
   and Spellcasting.
   Elements:  Fire Magic, Ice Magic, Air Magic and Earth Magic.
 S - a +2 whip of electrocution {mace}
   (You took it off a gnoll bouda on level 5 of the Dungeon)
Missiles
 b - 66 stones {throwing}
 c - 3 curare-tipped darts {=fthrowing}
 j - 8 boomerangs {throwing}
 s - 27 poisoned darts {throwing}
 G - 4 boomerangs of dispersal {=f!fthrowing}
Armour
 x - the cursed +1 hat "All-seeing Jealousy" (worn) {Bglg, Melee}
   (You found it on level 3 of the Dungeon)

   It has a curse which improves the following skills: Beguiling: Conjurations,
   Hexes and Translocations.
   Melee Combat: Short Blades, Long Blades, Axes, Maces & Flails, Polearms,
   Staves and Unarmed Combat.
 X - a +0 kite shield
   (You found it on level 7 of the Dungeon)
Jewellery
 v - the cursed ring "Share My Vision" (left tentacle) {Will+, Elem, Self}
   (You took it off a kobold on level 7 of the Dungeon)

   [ring of willpower]

   Will:      It increases your willpower.
   It has a curse which improves the following skills: Elements: Fire Magic, Ice
   Magic, Air Magic and Earth Magic.
   Introspection: Fighting and Spellcasting.
 F - a ring of positive energy (right tentacle)
   (You took it off an orc wizard on level 7 of the Dungeon)
 I - an amulet of reflection
   (You found it on level 10 of the Dungeon)
 P - a ring of ice
   (You found it on level 5 of the Dungeon)
 Z - the cursed amulet of Ashenzari's Moon (around mantle) {Reflect SH+5, Range, Self}
   (You bought it in a shop on level 2 of the Dungeon)

   [amulet of reflection]

   It reflects blocked missile attacks.
   SH:        It affects your SH (+5).
   It has a curse which improves the following skills: Ranged Combat: Ranged
   Weapons and Throwing.
   Introspection: Fighting and Spellcasting.
Wands
 o - a wand of flame (10)
   (You took it off Sonja on level 10 of the Dungeon)
 w - a wand of mindburst (10)
   (You found it on level 9 of the Dungeon)
 y - a wand of polymorph (4)
   (You took it off Erica on level 9 of the Dungeon)
 C - a wand of roots (2)
   (You took it off a gnoll on level 9 of the Dungeon)
 D - a wand of acid (5)
   (You found it on level 8 of the Dungeon)
Scrolls
 e - 7 scrolls of teleportation {@r4}
 h - 14 scrolls of identify {@r1}
 m - 3 scrolls of blinking {!r}
 n - 2 scrolls of fear
 q - a scroll of poison {!r}
 r - 2 scrolls of brand weapon
 A - 4 scrolls of amnesia
 N - 2 scrolls of summoning
 R - 2 scrolls of silence {!r}
 U - a scroll of immolation {!r!r}
Potions
 z - 2 potions of flight
 J - a potion of might
 L - a potion of resistance
 M - 2 potions of cancellation
 O - 2 potions of curing {@q1}
 Q - 5 potions of brilliance
 T - a potion of lignification {!q}
 V - a potion of ambrosia
 W - a potion of berserk rage {!q}
 Y - 2 potions of invisibility

Dungeon Overview and Level Annotations

Branches:
Dungeon (10/15) Zot: 25506  Temple (0/1) D:6             Orc (0/2) D:9
  Sewer (visited)
   Lair: D:8-11

Altars:
Ashenzari
Cheibriados
Fedhas
Nemelex Xobeh
Xom
Yredelemnul
Zin

Shops:
D:2 =((   D:4 *   D:5 [   D:7 [

Annotations:
D:6 Maggie

* * , #H....###### ,,*#.....#
* * , , {#.....# * , *
{#.....#### * * * ,*, , *
{##.........,* * ###,,* *
##........... ,#.## ,
,,##H.###....... , *
##..#######°.## #.....>.* , ,
##........@B).# #B...... ,
*,##..#..######..####.......
######........................
..............................
* .........)..######..####..,
* ............# #..# * . ,
)[..........# #..# *
............# #..#
.....)......######..####..


You could see a boulder beetle and a manticore.


Message History

Confirm with . or Enter, or press ? or * to list all spells.
You erupt in a blast of force!
The mystic blast hits the cyan ugly thing!
The cyan ugly thing is knocked back by the mystic blast.
Casting: Iskenderun's Mystic Blast (mildly dangerous; 1% risk of failure)
Confirm with . or Enter, or press ? or * to list all spells.
Aiming: Fulminant Prism (dangerous; 1% risk of failure)
Press: ? - help, Dir - move target You conjure a prism of explosive energy!
A fulminant prism comes into view.
Your fulminant prism crackles loudly.
The blast of energy engulfs the cyan ugly thing!!
You hear a shout!
Casting: Fulminant Prism (dangerous; 1% risk of failure)
Confirm with . or Enter, or press ? or * to list all spells.
Okay, then.
Unknown command.
Casting: Fulminant Prism (dangerous; 1% risk of failure)
Confirm with . or Enter, or press ? or * to list all spells.
You erupt in a blast of force!
The mystic blast hits the cyan ugly thing.
You kill the cyan ugly thing!
Unknown command.
Unknown command.
You start resting.
Unknown command.
Unknown command.
Unknown command.
Casting: Iskenderun's Mystic Blast (mildly dangerous; 1% risk of failure)
Confirm with . or Enter, or press ? or * to list all spells.
Okay, then.
Unknown command.
Unknown command.
Okay, then.
Unknown command.
Unknown command.
Unknown command.
You now have 256 gold pieces (gained 49).
You see here a +0 chain mail.
You see here a +2 battleaxe of freezing {axe}.
Unknown command.
s - 27 poisoned darts {throwing} (gained 4)
You see here a +0 shortbow {bow}.
Unknown command.
You sense a monster nearby.
Unknown command.
A howler monkey comes into view.
Danger!
The howler monkey howls!
You hit the howler monkey. Your grab misses the howler monkey.
You squeeze the howler monkey!
The howler monkey hoots and howls with incredible vigour!
You hear a shout!
You hear a horrible gurgling sound! x2
You hit the howler monkey.
Lightning courses through the howler monkey!
You kill the howler monkey!
A manticore comes into view.
Danger!
A boulder beetle comes into view.
Unknown command.
Unknown command.
Casting: Iskenderun's Mystic Blast (mildly dangerous; 1% risk of failure)
Confirm with . or Enter, or press ? or * to list all spells.
Aiming: Fulminant Prism (dangerous; 1% risk of failure)
Press: ? - help, Dir - move target You conjure a prism of explosive energy!
A fulminant prism comes into view.
Unknown command.
The manticore flicks its tail.
The volley of spikes hits you!!
The barbed spikes become lodged in your body.
The boulder beetle curls into a ball and begins rolling!
Your fulminant prism crackles loudly.
The barbs in your skin will harm you if you move.
Continue?
Okay, then.
The barbs in your skin will harm you if you move.
Continue?
The barbed spikes dig painfully into your body as you move.
The blast of energy engulfs the boulder beetle!
You hear a horrible gurgling sound! x2
Casting: Fulminant Prism (dangerous; 1% risk of failure)
Confirm with . or Enter, or press ? or * to list all spells.
Aiming: Searing Ray (safe; 1% risk of failure)
Press: ? - help, Shift-Dir - straight line, f - boulder beetle
Aim: a boulder beetle (lightly wounded, rolling, 100% to hit)
Okay, then.
Unknown command.
Casting: Searing Ray (safe; 1% risk of failure)
Confirm with . or Enter, or press ? or * to list all spells.
You erupt in a blast of force!
The mystic blast hits the boulder beetle but does no damage.
The boulder beetle hits you!!!
Ouch! That really hurt!
* * * LOW HITPOINT WARNING * * *
The boulder beetle stops rolling and uncurls.
Casting: Iskenderun's Mystic Blast (mildly dangerous; 1% risk of failure)
Confirm with . or Enter, or press ? or * to list all spells.
You erupt in a blast of force!
The mystic blast hits the boulder beetle but does no damage.
The boulder beetle bites you!
You die...

Skill      XL: |  1  2  3  4  5  6  7  8  9 10 11 |
---------------+----------------------------------+-----
Conjurations   | 5 6 9 |  9.1
Spellcasting   | 3 8 10 11 12 | 12.0
Hexes          | 1 2 3 |  3.2
Fighting       | 6 9 |  9.4
Maces & Flails | 1 |  1.4
Translocations | 2 6 |  6.7
Transmutations | 4 |  4.8
Dodging        | |  2.0
Stealth        | |  2.6

Action                   |  1- 3 |  4- 6 |  7- 9 | 10-12 || total
-------------------------+-------+-------+-------+-------++-------
Melee: Unarmed           |     6 |     8 |       |       ||    14
       Tentacles         |     1 |    13 |     7 |    20 ||    41
       Constrict         |     1 |    14 |     8 |     3 ||    26
       Whip              |       |    53 |    42 |    74 ||   169
       Punch             |       |     1 |       |     3 ||     4
 Cast: Magic Dart        |    67 |    76 |    32 |    39 ||   214
       Searing Ray       |     6 |    10 |     5 |    15 ||    36
       Fulminant Prism   |       |       |    14 |    55 ||    69
       Iskenderun's Myst |       |       |     9 |    55 ||    64
       Tukima's Dance    |       |       |       |     3 ||     3
       Irradiate         |       |       |       |     3 ||     3
Invok: Curse Item        |       |     2 |       |     2 ||     4
Evoke: Wand              |       |       |       |     1 ||     1
  Use: Potion            |       |     4 |     2 |     1 ||     7
 Stab: Sleeping          |       |     7 |     3 |     1 ||    11
       Distracted        |       |       |       |     1 ||     1
Armor: Skin              |     1 |    10 |     6 |    16 ||    33
Dodge: Dodged            |    19 |    64 |    22 |    76 ||   181
Block: Other             |       |       |       |    18 ||    18
       Reflection        |       |       |       |     3 ||     3

Levels and vault maps discovered:
D:1:      zaba_arrival_water, layout_basic, shapermc_ecumenical_altar_rom_forum,
          minmay_liquid_box, minmay_cut_off
D:2:      layout_rooms, serial_shops, nicolae_shop_advertising_works
          [nicolae_subvault_shop_adworks], nicolae_shop_behind_doors,
          nicolae_shop_hallway_stairs, nicolae_wormholes
D:3:      layout_basic, mainiacjoe_overflow_catwalk_spiral, hex_medium
D:4:      layout_layer_cave, zin_purify
D:5:      layout_loops_ring, portal_sewer_entry_f, serial_shops,
          nicolae_diamond_shop
D:6:      layout_layer_cave, nicolae_yredelemnul_corpse_copse,
          minmay_temple_entry_large_hall, uniq_maggie
D:7:      layout_loops_cross, xom_teletrap_fun, serial_shops, shop, minivault_22
D:8:      layout_loops_ring
D:9:      layout_gridville, nemelex_diamond_rough_becter, uniq_erica
D:10:     minmay_the_grid_octo_triangle [minmay_the_grid_octo_checkered,
          minmay_the_grid_octo_prize_star, minmay_the_grid_octo_fat_diamond],
          layout_small_grid, riverfiend_overflow_shadow_ancestor,
          fedhas_ov_isle_minmay, uniq_erolcha, uniq_sonja

Notes
Turn   | Place    | Note
-------+----------+-------------------------------------------
     0 | D:1      | Sobieck the Octopode Conjurer began the quest for the Orb.
     0 | D:1      | Reached XP level 1. HP: 11/11 MP: 3/3
   159 | D:1      | Reached XP level 2. HP: 17/17 MP: 0/5
   261 | D:1      | You pick up a book of Alchemy and begin reading...
   261 | D:1      | You add the spells Sublimation of Blood, Petrify and
                  | Irradiate to your library.
   279 | D:1      | Learned a level 2 spell: Searing Ray
   315 | D:1      | Found a faded altar of an unknown god.
   331 | D:1      | Got Plato's Exposition on Conjuring
   707 | D:1      | Reached XP level 3. HP: 21/21 MP: 3/6
  1207 | D:2      | Found Xacuast's Antique Weapon Shop.
  1575 | D:2      | Found Vuuv's Jewellery Boutique.
  1934 | D:2      | Found Raxzea Taov's Weapon Emporium.
  2039 | D:2      | Reached skill level 5 in Conjurations
  2198 | D:3      | Reached XP level 4. HP: 27/27 MP: 6/8
  2225 | D:3      | Found a broken altar of Ashenzari.
  2231 | D:3      | Learned a level 4 spell: Fulminant Prism
  2311 | D:3      | Found a snail-covered altar of Cheibriados.
  2463 | D:3      | Gained mutation: You expend magic power (3 MP) to
                  | strengthen your wands. [potion of mutation]
  2463 | D:3      | Gained mutation: You are partially covered in iridescent
                  | scales. (AC +2) [potion of mutation]
  2463 | D:3      | Gained mutation: You have a pair of small antennae on your
                  | head. [potion of mutation]
  2631 | D:3      | Became a worshipper of Ashenzari the Shackled
  2778 | D:3      | Reached skill level 3 in Spellcasting
  3204 | D:3      | Reached XP level 5. HP: 26/31 MP: 5/9
  3288 | D:3      | HP: 1/31 [gnoll/+0 spear (7)]
  3706 | D:3      | You pick up a book of the Hunter and begin reading...
  3706 | D:3      | You add the spells Call Canine Familiar, Portal Projectile
                  | and Leda's Liquefaction to your library.
  3985 | D:4      | Reached skill level 1 in Hexes
  4158 | D:4      | Found Zin's Purification Station.
  4161 | D:4      | Found a glowing silver altar of Zin.
  4209 | D:4      | You pick up a book of the Hunter and begin reading...
  4317 | D:4      | Reached * piety under Ashenzari
  4625 | D:4      | Reached skill level 6 in Conjurations
  4625 | D:4      | Reached XP level 6. HP: 36/36 MP: 12/12
  5309 | D:5      | Entered Level 5 of the Dungeon
  5508 | D:5      | Found a glowing drain.
  5562 | Sewer    | Entered a sewer
  5595 | Sewer    | Reached skill level 2 in Hexes
  5676 | Sewer    | Identified a potion of experience
  5686 | Sewer    | Reached skill level 6 in Fighting
  5686 | Sewer    | Reached skill level 8 in Spellcasting
  5686 | Sewer    | Reached skill level 9 in Conjurations
  5686 | Sewer    | Reached XP level 7. HP: 53/53 MP: 13/20
  5799 | Sewer    | Learned a level 4 spell: Iskenderun's Mystic Blast
  6150 | Sewer    | Reached XP level 8. HP: 60/60 MP: 21/21
  6322 | D:5      | Reached skill level 1 in Maces & Flails
  6550 | D:5      | Reached skill level 3 in Hexes
  6650 | D:5      | Found Jinyxim's Antique Armour Boutique.
  6698 | D:5      | Reached skill level 9 in Spellcasting
  7177 | D:5      | Reached skill level 1 in Translocations
  7485 | D:5      | You pick up a book of Transfigurations {@e2} and begin
                  | reading...
  7485 | D:5      | You add the spells Blade Hands and Dragon Form to your
                  | library.
  7548 | D:6      | Found a staircase to the Ecumenical Temple.
  7552 | D:6      | You add the spells Tukima's Dance, Passage of Golubria and
                  | Yara's Violent Unravelling to your library.
  7945 | D:6      | Reached skill level 2 in Translocations
  7966 | D:6      | Noticed Maggie
  7977 | D:6      | Identified the cursed +0 whip of Ashenzari's Portent {elec,
                  | mace, Self, Elem} (You took it off a gnoll on level 4 of
                  | the Dungeon)
  7977 | D:6      | Identified the cursed +1 hat "All-seeing Jealousy" {Bglg,
                  | Melee} (You found it on level 3 of the Dungeon)
  7980 | D:7      | Reached skill level 9 in Fighting
  7980 | D:7      | Reached skill level 10 in Spellcasting
  7980 | D:7      | Reached XP level 9. HP: 70/70 MP: 7/24
  8053 | D:7      | Reached XP level 10. HP: 76/76 MP: 12/25
  8366 | D:7      | Found a shimmering altar of Xom.
  8394 | D:7      | You pick up a book of Callings and begin reading...
  8394 | D:7      | You add the spells Summon Small Mammal and Summon Guardian
                  | Golem to your library.
  8621 | D:7      | Found Daneraqi's Armour Boutique.
  8946 | D:2      | Bought an amulet of reflection for 300 gold pieces
  9140 | D:6      | Reached skill level 11 in Spellcasting
  9590 | D:6      | Found a basalt altar of Yredelemnul.
 10341 | D:7      | Reached skill level 3 in Translocations
 10705 | D:7      | You pick up a book of Changes and begin reading...
 10705 | D:7      | You add the spells Beastly Appendage, Wereblood and Spider
                  | Form to your library.
 11033 | D:8      | Reached ** piety under Ashenzari
 11346 | D:8      | Reached skill level 4 in Translocations
 11782 | D:8      | Reached skill level 5 in Translocations
 12123 | D:9      | Noticed a two-headed ogre
 12131 | D:9      | Killed a two-headed ogre
 12132 | D:9      | Reached skill level 6 in Translocations
 12132 | D:9      | Reached XP level 11. HP: 79/85 MP: 4/28
 12542 | D:9      | Found a staircase to the Orcish Mines.
 12715 | D:9      | Learned a level 5 spell: Irradiate
 12732 | D:9      | Found a sparkling altar of Nemelex Xobeh.
 12739 | D:9      | Noticed Erica
 12756 | D:9      | Killed Erica
 12757 | D:9      | Reached skill level 1 in Transmutations
 12807 | D:9      | Learned a level 3 spell: Tukima's Dance
 13159 | D:9      | Reached skill level 2 in Transmutations
 13256 | D:10     | Entered Level 10 of the Dungeon
 13279 | D:10     | Noticed Sonja
 13284 | D:10     | Killed Sonja
 13430 | D:10     | Reached skill level 3 in Transmutations
 13472 | D:10     | Noticed Erolcha
 13493 | D:10     | Killed Erolcha
 13629 | D:10     | Noticed a catoblepas
 13636 | D:10     | Killed a catoblepas
 13644 | D:10     | Reached skill level 4 in Transmutations
 13813 | D:10     | You pick up a book of Spatial Translocations and begin
                  | reading...
 13813 | D:10     | You add the spells Blink, Lesser Beckoning and Manifold
                  | Assault to your library.
 13834 | D:10     | Found a blossoming altar of Fedhas.
 13852 | D:10     | You pick up a book of Spectacle and begin reading...
 13874 | D:10     | HP: 21/85 [poisoned by a meliai]
 13879 | D:10     | HP: 18/85 [poisoned by a meliai]
 14526 | D:10     | Noticed a cyan ugly thing
 14532 | D:10     | Reached skill level 12 in Spellcasting
 14538 | D:10     | Killed a cyan ugly thing
 14718 | D:10     | Noticed a manticore
 14720 | D:10     | Noticed a boulder beetle
 14730 | D:10     | HP: 10/85 [boulder beetle (55)]
 14731 | D:10     | Slain by a boulder beetle

Vanquished Creatures
  Erolcha (D:10)
  Erica (D:9)
  A catoblepas (D:10)
  A two-headed ogre (D:9)
  Sonja (D:10)
  An ugly thing (D:10)
  A meliai (D:10)
  A hornet (D:9)
  3 wraiths (D:10)
  8 yaks
  2 shadows (D:10)
  A wyvern (D:9)
  2 steam dragons
  An acid dragon (D:9)
  2 water moccasins
  4 ice beasts
  An ogre (D:5)
  2 black bears
  4 centaurs
  2 kobold brigands
  A gnoll sergeant (D:9)
  A bullfrog (D:8)
  2 necrophages (D:8)
  2 wyvern zombies (D:6)
  2 scorpions
  10 wights (D:9)
  3 killer bees (D:9)
  4 howler monkeys
  A centaur zombie (D:6)
  2 bullfrog zombies (D:6)
  4 jellies
  2 gnoll boudas
  3 orc priests
  5 hounds
  An iguana (D:6)
  4 orc wizards
  A killer bee zombie (D:6)
  24 gnolls
  4 adders
  4 river rats (Sewer)
  2 ufetubi
  5 worms
  A dart slug (D:1)
  15 orcs
  5 ball pythons
  9 endoplasms
  7 giant cockroaches
  2 goblins
  6 hobgoblins
  14 jackals
  9 kobolds
  4 quokkas
  7 bats
  7 frilled lizards
  12 rats
225 creatures vanquished.

Vanquished Creatures (collateral kills)
  An orc warrior (D:10)
1 creature vanquished.

Vanquished Creatures (others)
  69 fulminant prisms
  2 fungi (D:1)
  4 plants
75 creatures vanquished.

Grand Total: 301 creatures vanquished

Table legend:
 A = Non-vault XP
 B = Vault XP
 C = Vault XP percentage of total XP
 D = Non-vault monster count
 E = Vault monster count
 F = Vault count percentage of total count
                 A         B        C        D         E       F
            +---------+---------+-------+---------+---------+-------
      Total |    9505 |    4667 |  32.9 |     180 |      46 |  20.4
            +---------+---------+-------+---------+---------+-------
        D:1 |      36 |       3 |   7.7 |      19 |       2 |   9.5
        D:2 |      30 |      10 |  25.0 |      18 |       2 |  10.0
        D:3 |     151 |       0 |   0.0 |      30 |       0 |   0.0
        D:4 |     155 |       5 |   3.1 |      16 |       1 |   5.9
        D:5 |     850 |       8 |   0.9 |      18 |       4 |  18.2
        D:6 |     659 |     337 |  33.8 |      17 |       6 |  26.1
        D:7 |    1149 |       0 |   0.0 |      17 |       0 |   0.0
        D:8 |    1710 |       0 |   0.0 |      14 |       0 |   0.0
        D:9 |    3174 |     836 |  20.8 |      25 |       1 |   3.8
       D:10 |    1591 |    3258 |  67.2 |       6 |       9 |  60.0
      Sewer |       0 |     210 | 100.0 |       0 |      21 | 100.0
            +---------+---------+-------+---------+---------+-------

Illustrated notes

Table legend:
 A = Kills in this place as a percentage of kills in entire the game.
 B = Kills by you in this place as a percentage of kills by you in the entire game.
 C = Kills by friends in this place as a percentage of kills by friends in the entire game.
 D = Other kills in this place as a percentage of other kills in the entire game.
 E = Experience gained in this place as a percentage of experience gained in the entire game.
 F = Experience gained in this place divided by the number of levels of this place that you have seen.
                   A       B       C       D       E      F
               +-------+-------+-------+-------+-------+----------------------
         Total | 100.0 | 100.0 | 100.0 |   N/A | 100.0 | 1288.4
       Dungeon |  90.7 |  90.7 | 100.0 |   N/A |  98.5 | 1396.2
         Sewer |   9.3 |   9.3 |   0.0 |   N/A |   1.5 | 210.0
               +-------+-------+-------+-------+-------+----------------------

Table legend: (Time is in decaauts)
 A = Elapsed time spent in this place.
 B = Non-inter-level travel time spent in this place.
 C = Inter-level travel time spent in this place.
 D = Time resting spent in this place.
 E = Time spent auto-exploring this place.
 F = Levels seen in this place.
 G = Mean time per level.
                   A        B        C        D        E       F      G
               +--------+--------+--------+--------+--------+-----+--------+
         Total |  14759 |  14323 |    436 |   3900 |   7850 |  11 | 1341.7 |
       Dungeon |  14016 |  13580 |    436 |   3719 |   7613 |  10 | 1401.6 |
         Sewer |    743 |    743 |      0 |    181 |    237 |   1 |  743.0 |
               +--------+--------+--------+--------+--------+-----+--------+

Top non-repeatable levels by time:
     D:6: 1719 daAuts
     D:5: 1587 daAuts
     D:4: 1520 daAuts
     D:8: 1509 daAuts
     D:3: 1392 daAuts
     D:9: 1379 daAuts
     D:7: 1368 daAuts
     D:2: 1332 daAuts
     D:1: 1176 daAuts
    D:10: 1030 daAuts
   Sewer: 743 daAuts
